 Dungeon Crawl Stone Soup version 0.25-a0-663-gace7076f2c (webtiles) character file.

Game seed: 9741940221733906519, levelgen mode: deterministic

71 kae the Gusty (level 4, 0/24 HPs)
             Began as a Tengu Air Elementalist on Mar 24, 2020.
             Slain by an orc
             ... wielding a +0 club
              (2 damage)
             ... on level 2 of the Dungeon.
             The game lasted 00:02:11 (2736 turns).

kae the Gusty (Tengu Air Elementalist)              Turns: 2736, Time: 00:02:12

Health: 0/24       AC:  2    Str:  9    XL:     4   Next: 24%
Magic:  2/8        EV: 12    Int: 16    God:
Gold:   87         SH:  0    Dex: 14    Spells: 2/8 levels left

rFire    . . .     SeeInvis .   (no weapon)
rCold    . . .     Gourm    .   (no shield)
rNeg     . . .     Faith    .   a - +0 robe
rPois    .         Spirit   .   (helmet restricted)
rElec    .         Reflect  .   (no cloak)
rCorr    .         Harm     .   (no gloves)
MR       .....                  (boots unavailable)
Stlth    ++........             (no amulet)
HPRegen  0.08/turn              (no ring)
MPRegen  0.11/turn              (no ring)

@: brilliant, about to teleport, very slightly contaminated
A: beak, talons 3
a: no special abilities


You were on level 2 of the Dungeon.
You were not hungry.

You visited 1 branch of the dungeon, and saw 3 of its levels.

You collected 87 gold pieces.

Inventory:

Armour
 a - a +0 robe (worn)
Jewellery
 b - a cursed -3 ring of protection {unknown}
Scrolls
 f - a scroll of fog {unknown}
 h - a scroll of blinking {unknown}
 i - a scroll of remove curse {unknown}
Comestibles
 c - 5 rations


   Skills:
 - Level 2.1 Dodging
 - Level 2.0 Stealth
 + Level 2.5 Spellcasting
 + Level 2.8 Conjurations
 * Level 5.5 Air Magic


You had 2 spell levels left.
You knew the following spells:

 Your Spells              Type           Power        Failure   Level  Hunger
a - Shock                 Conj/Air       ###.         3%          1    None
b - Static Discharge      Conj/Air       ###.....     11%         3    None
c - Swiftness             Chrm/Air       ###.....     10%         2    None

Your spell library contained the following spells:

 Spells                   Type           Power        Failure   Level  Hunger
 Airstrike                Air            ####......   21%         4    None
 Lightning Bolt           Conj/Air       ###.......   69%         5    None


Dungeon Overview and Level Annotations

Branches:
Dungeon (3/15)

Altars:

Annotations:
D:2 Sigmund


Innate Abilities, Weirdness & Mutations

You have a beak for a mouth.
You have claws for feet.


Message History

Okay, then.
You aren't carrying any potions.
Unknown command.
Casting: Static Discharge (safe; 11% risk of failure)
Confirm with . or Enter, or press ? or * to list all spells.
Aiming: Shock (safe; 3% risk of failure)
Press: ? - help, Shift-Dir - straight line You feel a surge of power!
That beam is likely to hit you.
Continue anyway?
Okay, then.
As you read the scroll labeled BAJEKO YRHI, it crumbles to dust.
You feel strangely unstable.
It was a scroll of teleportation.
The orc wizard closely misses you. The orc hits you with a +0 club.
* * * LOW HITPOINT WARNING * * *
As you read the scroll labeled VUEN ZOVIMUQEERR, it crumbles to dust.
It is a scroll of enchant weapon.
You aren't carrying any weapons that can be enchanted.
The orc wizard hits you but does no damage.
The orc hits you with a +0 club.
You die...

##### #...≈.≈≈♣.≈.≈##.# # #...#
#..♣≈...#♣...##.# #
#...#######.#.≈.≈≈≈≈......# #
#####............♣.≈.≈≈♣≈..#### #
.................≈#....≈.≈♣# #
#######.[........≈##≈≈#≈≈≈≈######
..................##....≈........
.....#............##...##########
####.#..........@o##.#.#.........
...............o..##.#.#.#######.
####.##...........##.#...# #.
.)....#...........##.#.#########.
####..............##.#...........
#####.............##.#.##########
.......#.#.#########.#.#
########.#.# #.#.#
.........#.#########.#.#


You could see an orc wizard and an orc.

Vanquished Creatures
  Terence (D:2)
  An adder (D:2)
  2 dart slugs (D:2)
  A leopard gecko (D:2)
  5 goblins
  6 hobgoblins
  6 kobolds
  6 bats
  2 frilled lizards
  5 rats
35 creatures vanquished.

Notes
Turn   | Place    | Note
-------+----------+-------------------------------------------
     0 | D:1      | kae the Tengu Air Elementalist began the quest for the Orb.
     0 | D:1      | Reached XP level 1. HP: 10/10 MP: 4/4
   287 | D:1      | Reached XP level 2. HP: 15/15 MP: 0/6
  1180 | D:2      | Noticed Terence
  1253 | D:2      | Noticed Sigmund
  1270 | D:2      | Killed Terence
  1270 | D:2      | Reached skill level 5 in Air Magic
  1270 | D:2      | Reached XP level 3. HP: 7/19 MP: 7/7
  1523 | D:2      | Reached XP level 4. HP: 18/24 MP: 3/8
  2596 | D:2      | Learned a level 2 spell: Swiftness
  2600 | D:2      | Learned a level 3 spell: Static Discharge
  2736 | D:2      | Slain by an orc

Levels and vault maps discovered:
D:1:      dpeg_arrival_simpleton_c, layout_loops_corners, st_stairs_6
D:2:      layout_basic, serial_rivers, chequers_serial_rivers_marsh,
          chequers_serial_rivers_micro_b, chequers_serial_rivers_small_a,
          chequers_serial_rivers_small_a, chequers_serial_rivers_micro_e,
          chequers_serial_rivers_micro_d, grunt_decor_mini_mirrors,
          uniq_sigmund, uniq_terence
D:3:      layout_rooms, bloody_makhleb, first_ration

Skill      XL: |  1  2 |
---------------+-------+-----
Conjurations   | 2 |  2.8
Air Magic      | 5 |  5.5
Dodging        | |  2.1
Stealth        | |  2.0
Spellcasting   | |  2.5

Action                   |  1- 3 |  4- 6 || total
-------------------------+-------+-------++-------
Melee: Unarmed           |    32 |     4 ||    36
       Kick              |     8 |       ||     8
       Peck              |     3 |       ||     3
 Cast: Shock             |    39 |    19 ||    58
       Static Discharge  |       |     1 ||     1
  Use: Potion            |     1 |     1 ||     2
       Scroll            |       |     2 ||     2
 Stab: Sleeping          |       |     1 ||     1
  Eat: Chunk             |     1 |     5 ||     6
Armor: Robe              |     7 |       ||     7
Dodge: Dodged            |    20 |    10 ||    30

Table legend:
 A = Non-vault XP
 B = Vault XP
 C = Vault XP percentage of total XP
 D = Non-vault monster count
 E = Vault monster count
 F = Vault count percentage of total count
                 A         B        C        D         E       F
            +---------+---------+-------+---------+---------+-------
      Total |      65 |      37 |  36.3 |      33 |       2 |   5.7
            +---------+---------+-------+---------+---------+-------
        D:1 |      27 |       1 |   3.6 |      19 |       1 |   5.0
        D:2 |      38 |      36 |  48.6 |      14 |       1 |   6.7
            +---------+---------+-------+---------+---------+-------
